 Dungeon Crawl Stone Soup version 0.28-a0-630-g0357d9c091 (webtiles) character file.

Game seed: 218320730405982117

107 Conn the Firebug (level 4, -1/27 HPs)
             Began as an Octopode Fire Elementalist on Oct 9, 2021.
             Slain by Sigmund (3 damage)
             ... on level 3 of the Dungeon.
             The game lasted 00:03:30 (2940 turns).

Conn the Firebug (Octopode Fire Elementalist)       Turns: 2940, Time: 00:03:30

Health: -1/27      AC:  1    Str:  7    XL:     4   Next: 86%
Magic:  0/8        EV: 13    Int: 18    God:
Gold:   179        SH:  0    Dex: 12    Spells: 7/8 levels left

rFire   . . .      SeeInvis .   f - +0 dagger
rCold   . . .      Faith    .   (no shield)
rNeg    . . .      Spirit   .   (helmet restricted)
rPois   .          Reflect  .   (no amulet)
rElec   .          Harm     .   (no ring)
rCorr   .          Rampage  .   (no ring)
Will    .....                   (no ring)
Stlth   +++.......              (no ring)
HPRegen 0.09/turn               (no ring)
MPRegen 0.11/turn               (no ring)
                                (no ring)
                                (no ring)

@: very slightly contaminated
A: almost no armour, amphibious, 8 rings, camouflage 1, gelatinous body 1,
(nimble swimmer 1), tentacles
a: no special abilities


You were on level 3 of the Dungeon.
You visited 1 branch of the dungeon, and saw 3 of its levels.

You collected 179 gold pieces.

Inventory:

Hand Weapons
 f - a +0 dagger (weapon)
Jewellery
 j - a +4 ring of protection
Scrolls
 d - a scroll of teleportation
 g - a scroll of fog {unknown}
 h - 2 scrolls of identify
 i - a scroll of silence {unknown}
Potions
 a - 2 potions of mutation
 b - 2 potions of curing {unknown}
 c - a potion of ambrosia {unknown}
 e - a potion of attraction {unknown}


   Skills:
 + Level 0.1 Fighting
 + Level 0.1 Short Blades
 + Level 2.4 Dodging
 + Level 3.1 Stealth
 + Level 0.2 Unarmed Combat
 + Level 2.8 Spellcasting
 + Level 2.1 Conjurations
 + Level 3.8 Fire Magic


You had 7 spell levels left.
You knew the following spells:

 Your Spells              Type           Power      Damage    Failure   Level
a - Foxfire               Conj/Fire      52%        2x1d6     4%          1

Your spell library contained the following spells:

 Spells                   Type           Power      Damage    Failure   Level
 Scorch                   Fire           32%        2d7       4%          2
 Conjure Flame            Conj/Fire      13%        6-21      14%         3
 Inner Flame              Hex/Fire       9%         N/A       22%         3
 Corpse Rot               Necr/Air       N/A        N/A       26%         2
 Ensorcelled Hibernation  Hex/Ice        4%         N/A       26%         2
 Sublimation of Blood     Necr           1%         N/A       26%         2
 Wereblood                Tmut           2%         N/A       26%         2
 Flame Wave               Conj/Fire      13%        3d5       43%         4
 Tukima's Dance           Hex            2%         N/A       45%         3
 Dispel Undead            Necr           2%         3d7       86%         4
 Death Channel            Necr           1%         N/A       100%        6
 Summon Hydra             Summ           1%         N/A       100%        7


Dungeon Overview and Level Annotations

Branches:
Dungeon (3/15)

Altars:

Annotations:
D:3 Sigmund


Innate Abilities, Weirdness & Mutations

You cannot wear most types of armour.
You are amphibious.
You can wear up to eight rings at the same time.
Your skin changes colour to match your surroundings (Stealth+).
Your rubbery body absorbs attacks. (AC +1, EV +1)
((You are camouflaged near water. (Stealth+)))
You have tentacles for arms and can constrict up to eight enemies at once.


Message History

Unknown command.
Casting: Foxfire (safe; 5% risk of failure)
Confirm with . or Enter, or press ? or * to list all spells.
You conjure some foxfire!
Unknown command.
The foxfire hits Jessica.
Jessica is heavily wounded.
The foxfire hits Jessica.
Jessica is almost dead.
The foxfire hits Jessica.
Jessica is almost dead.
The foxfire hits Jessica.
You kill Jessica!
Casting: Foxfire (safe; 4% risk of failure)
Confirm with . or Enter, or press ? or * to list all spells.
You miscast Foxfire.
Nothing appears to happen.
The foxfire hits something.
Unknown command.
Casting: Foxfire (safe; 4% risk of failure)
Confirm with . or Enter, or press ? or * to list all spells.
You conjure some foxfire!
Something hits you but does no damage.
Unknown command.
Casting: Foxfire (safe; 4% risk of failure)
Confirm with . or Enter, or press ? or * to list all spells.
You conjure some foxfire!
Something hits you!
Unknown command.
The foxfire hits something. x4
Unknown command.
Casting: Foxfire (safe; 4% risk of failure)
Confirm with . or Enter, or press ? or * to list all spells.
You conjure some foxfire!
Something hits you!
Unknown command.
The foxfire hits something. x2
A magic dart appears from out of thin air!
The magic dart hits you!
* * * LOW HITPOINT WARNING * * *
Unknown command.
Casting: Foxfire (safe; 4% risk of failure)
Confirm with . or Enter, or press ? or * to list all spells.
You conjure some foxfire!
Something hits you.
You die...

.###..............###.#####.#
#.# .# #.####..#..÷...#
#.......###.# .###.#
#..#......# #.########..#
#.##.# #..#......# #.# #.##
##...####..#......###.# #.#
#.....................# #.#
....##########...####.# #.#
###.# #..v# #.# #.# #.#
#§.@####.########.# #.#
#§.v.......<......# #.#
#..§...#.#######..# #.#
#)####...†........# #.# #.#
########.##†## #.# #.##.# #.#
#.##.# #.# #.##.# #.# #.##.#


There were no monsters in sight!

Vanquished Creatures
  Jessica (D:3)
  An adder (D:2)
  5 dart slugs
  6 ball pythons
  7 endoplasms
  4 giant cockroaches
  5 goblins
  7 hobgoblins
  A jackal (D:2)
  4 quokkas
  4 bats
  3 frilled lizards
  5 kobolds
  5 rats
58 creatures vanquished.

Vanquished Creatures (others)
  137 foxfires
  5 plants (D:3)
  7 withered plants (D:3)
149 creatures vanquished.

Grand Total: 207 creatures vanquished

Notes
Turn   | Place    | Note
-------+----------+-------------------------------------------
     0 | D:1      | Conn the Octopode Fire Elementalist began the quest for the
                  | Orb.
     0 | D:1      | Reached XP level 1. HP: 11/11 MP: 3/3
   204 | D:1      | Reached XP level 2. HP: 7/17 MP: 3/5
   937 | D:1      | Found a faded altar of an unknown god.
   949 | D:1      | Reached XP level 3. HP: 18/21 MP: 4/6
  2006 | D:2      | Reached XP level 4. HP: 18/27 MP: 0/7
  2928 | D:3      | Noticed Jessica
  2928 | D:3      | Noticed Sigmund
  2933 | D:3      | Killed Jessica
  2940 | D:3      | Slain by Sigmund

Illustrated notes

Levels and vault maps discovered:
D:1:      sevenhm_arrival_forest_fort_large_2, layout_loops_cross,
          chequers_ecumenical_altar_simple
D:2:      layout_loops_ring, minmay_guardbox
D:3:      layout_loops_ring, grunt_temple_overflow_growth_and_decay,
          uniq_jessica, uniq_sigmund

Skill      XL: |  1  2  3  4 |
---------------+-------------+-----
Stealth        | 3 |  3.1
Conjurations   | 2 |  2.1
Fighting       | |  0.1
Short Blades   | |  0.1
Dodging        | |  2.4
Unarmed Combat | |  0.2
Spellcasting   | |  2.8
Fire Magic     | |  3.8

Action                   |  1- 3 |  4- 6 || total
-------------------------+-------+-------++-------
Melee: Unarmed           |    14 |       ||    14
       Constrict         |     7 |     4 ||    11
       Tentacles         |     4 |     2 ||     6
       Dagger            |    10 |    16 ||    26
 Cast: Foxfire           |    67 |    26 ||    93
  Use: Scroll            |     3 |       ||     3
 Stab: Sleeping          |     1 |     1 ||     2
Armor: Skin              |     1 |     2 ||     3
Dodge: Dodged            |    21 |    12 ||    33

Table legend: (Time is in decaauts)
 A = Elapsed time spent in this place.
 B = Non-inter-level travel time spent in this place.
 C = Inter-level travel time spent in this place.
 D = Time resting spent in this place.
 E = Time spent auto-exploring this place.
 F = Levels seen in this place.
 G = Mean time per level.
                   A        B        C        D        E       F      G
               +--------+--------+--------+--------+--------+-----+--------+
         Total |   2939 |   2844 |     95 |      0 |   2312 |   3 |  979.7 |
       Dungeon |   2939 |   2844 |     95 |      0 |   2312 |   3 |  979.7 |
               +--------+--------+--------+--------+--------+-----+--------+

Top non-repeatable levels by time:
     D:1: 1412 daAuts
     D:2: 1148 daAuts
     D:3: 377 daAuts
